 Dungeon Crawl Stone Soup version 0.24.0-123-gd5b16e6ec5 (webtiles) character file.

Game seed: 8389376946520247518, levelgen mode: deterministic

317 Notrik the Ruffian (level 6, -1/51 HPs)
             Began as a Draconian Transmuter on Feb 3, 2020.
             Killed from afar by an orc wizard (8 damage)
             ... with a magic dart
             ... on level 4 of the Dungeon.
             The game lasted 00:10:36 (3314 turns).

Notrik the Ruffian (Draconian Transmuter)           Turns: 3314, Time: 00:10:37

Health: -1/51      AC:  9    Str: 14    XL:     6   Next: 20%
Magic:  10/10      EV: 13    Int: 13    God:
Gold:   171        SH:  0    Dex: 12    Spells: 8/11 levels left

rFire    . . .     SeeInvis .   n - +1 spear (pain)
rCold    . . .     Gourm    .   (no shield)
rNeg     . . .     Faith    .   (armour unavailable)
rPois    .         Spirit   .   (helmet restricted)
rElec    .         Reflect  .   c - +2 cloak
rCorr    .         Harm     .   (no gloves)
MR       .....                  (no boots)
Stlth    +.........             (no amulet)
HPRegen  0.17/turn              (no ring)
MPRegen  0.12/turn              (no ring)

@: no status effects
A: unfitting armour, cold-blooded, AC +6
a: no special abilities


You were on level 4 of the Dungeon.
You were not hungry.

You visited 1 branch of the dungeon, and saw 4 of its levels.

You collected 171 gold pieces.

Inventory:

Hand Weapons
 n - a +1 spear of pain (weapon)
   (You found it on level 2 of the Dungeon)
Missiles
 a - 119 arrows
 o - 2 throwing nets (quivered) {!f}
Armour
 c - a +2 cloak (worn)
   (You found it on level 1 of the Dungeon)
Jewellery
 i - an uncursed ring of ice
   (You found it on level 2 of the Dungeon)
Wands
 d - a wand of iceblast (7)
   (You found it on level 3 of the Dungeon)
Scrolls
 f - 2 scrolls of fear {unknown}
 g - a scroll of identify {@r1}
 h - a scroll of remove curse {unknown}
 j - a scroll of noise {unknown}
 l - 2 scrolls of fog {unknown}
 p - 4 scrolls of enchant weapon {unknown}
 s - a scroll of magic mapping {unknown}
 u - a scroll of teleportation {unknown}
 w - a scroll of enchant armour {unknown}
Potions
 b - 2 potions of curing {@q1}
 k - a potion of agility {unknown}
 m - a potion of haste {unknown}
 q - a potion of heal wounds {unknown}
 t - a potion of brilliance {unknown}
 v - 2 potions of might {unknown}
 x - a potion of degeneration {unknown}
Comestibles
 e - 5 rations {!d}
 r - 2 chunks of flesh


   Skills:
 + Level 3.3 Fighting
 + Level 3.2 Dodging
 - Level 3.6 Unarmed Combat
 + Level 3.2 Spellcasting
 + Level 3.5 Transmutations


You had 8 spell levels left.
You knew the following spells:

 Your Spells              Type           Power        Failure   Level  Hunger
a - Beastly Appendage     Tmut           ##....       5%          1    #......
s - Sticks to Snakes      Tmut           ##......     9%          2    ##.....

Your spell library contained the following spells:

 Spells                   Type           Power        Failure   Level  Hunger
 Confusing Touch          Hex            #.....       22%         1    #......
 Infusion                 Chrm           #...         22%         1    #......
 Spider Form              Tmut/Pois      #.........   32%         3    ###....
 Confuse                  Hex            #.......     56%         3    ###....
 Gell's Gravitas          Tloc           #.........   56%         3    ###....
 Ice Form                 Ice/Tmut       #.......     73%         4    #####..
 Petrify                  Tmut/Erth      #.......     73%         4    #####..
 Blade Hands              Tmut           ##........   83%         5    ######.
 Yara's Violent Unravell  Hex/Tmut       #.........   97%         5    ######.
 Metabolic Englaciation   Hex/Ice        #.........   99%         5    ######.


Dungeon Overview and Level Annotations

Branches:
Dungeon (4/15)
 Temple: D:4-7

Altars:
Dithmenos
Kikubaaqudgha
Sif Muna
Vehumet


Innate Abilities, Weirdness & Mutations

Your plain brown scales are hard. (AC +6)
You cannot fit into any form of body armour.
You are cold-blooded and may be slowed by cold attacks.


Message History

* * * LOW HITPOINT WARNING * * *
Something hits you but does no damage. Something hits you but does no damage.
You hit something but do no damage. You tail-slap something.
Something hits you but does no damage. Something hits you but does no damage.
You closely miss something.
You feel sick.
You hear some strange, mumbled words.
A puff of flame appears from out of thin air!
The puff of flame misses you. Something hits you but does no damage.
The orc wizard gestures at you while chanting.
The magic dart hits something!
Reactivating autopickup.
Something hits you but does no damage.
Deactivating autopickup; reactivate with Ctrl-A.
You miss something. Something hits you.
* * * LOW HITPOINT WARNING * * *
You hit something but do no damage.
You feel sick. The orc wizard barely misses you.
You hear some strange, mumbled words.
A puff of flame appears from out of thin air!
The puff of flame misses you.
You hit something. The orc wizard closely misses you. Something hits you.
* * * LOW HITPOINT WARNING * * *
You miss something.
Your tail-slap misses something.
You feel sick.
The orc wizard points at you and mumbles some strange words.
The magic dart hits you!
* * * LOW HITPOINT WARNING * * *
Something hits you but does no damage.
The orc wizard hits you but does no damage.
It was a potion of curing.
You feel better. Something hits you but does no damage.
The orc wizard casts a spell at you. The magic dart hits you.
* * * LOW HITPOINT WARNING * * *
You barely miss something. You tail-slap something.
Something hits you but does no damage.
The orc wizard hits you but does no damage.
You hit something. Something hits you but does no damage.
The orc wizard casts a spell at you.
The magic dart hits you but does no damage.
You barely miss the orc wizard.
You hear some strange, mumbled words.
A magic dart appears from out of thin air!
The magic dart hits you!
You die...

#...## ###..# ##.#
##.#### #.....###
######........
#..........#.#
######.............
##{@..............#.
#.o###......####....
#..)'.#.).#### ....
#.###.###.# ....
#.#..:..#.## ....
..###.###..# ..
#....#.#....#
#.#..###...... #....
o.....##.#


You could see an orc wizard.

Vanquished Creatures
  An orc wizard (D:4)
  Crazy Yiuf (D:3)
  A hound (D:3)
  Natasha (thrice) (D:3)
  A hound skeleton (D:4)
  5 adders
  An ooze (D:1)
  2 worms (D:2)
  2 dart slugs
  3 leopard geckos
  An orc (D:4)
  10 bats
  6 giant cockroaches
  12 goblins
  8 hobgoblins
  3 jackals (D:2)
  2 quokkas (D:3)
  A ball python (D:1)
  10 frilled lizards
  5 kobolds
  A quokka skeleton (D:4)
  8 rats
87 creatures vanquished.

Vanquished Creatures (collateral kills)
  A dart slug (D:1)
  A giant cockroach (D:1)
  5 frilled lizards (D:1)
7 creatures vanquished.

Vanquished Creatures (others)
  An orc wizard (D:4)
1 creature vanquished.

Grand Total: 95 creatures vanquished

Notes
Turn   | Place    | Note
-------+----------+-------------------------------------------
     0 | D:1      | Notrik the Draconian Transmuter began the quest for the
                  | Orb.
     0 | D:1      | Reached XP level 1. HP: 16/16 MP: 3/3
    68 | D:1      | Reached XP level 2. HP: 14/23 MP: 5/5
    74 | D:1      | Learned a level 2 spell: Sticks to Snakes
   551 | D:1      | Reached XP level 3. HP: 29/29 MP: 6/6
  1185 | D:2      | Reached XP level 4. HP: 34/36 MP: 7/7
  1362 | D:2      | You fall into a shaft and drop 1 floor!
  1429 | D:3      | Noticed Natasha
  1455 | D:3      | Killed Natasha
  1810 | D:2      | Reached XP level 5. HP: 38/42 MP: 9/9
  1942 | D:3      | Found a shadowy altar of Dithmenos.
  1942 | D:3      | Noticed Natasha
  1958 | D:3      | Killed Natasha
  2530 | D:3      | Found a runed translucent door.
  2531 | D:3      | Noticed Crazy Yiuf
  2605 | D:3      | Noticed Natasha
  2617 | D:3      | Killed Natasha
  2728 | D:3      | Found a radiant altar of Vehumet.
  2731 | D:3      | Found an ancient bone altar of Kikubaaqudgha.
  2732 | D:3      | Found a shimmering blue altar of Sif Muna.
  2738 | D:3      | Identified Sif Muna's Volume of Boosts
  2859 | D:3      | Killed Crazy Yiuf
  3117 | D:3      | Reached XP level 6. HP: 33/51 MP: 10/10
  3310 | D:4      | HP: 1/51 [orc wizard/magic dart (9)]
  3314 | D:4      | Killed from afar by an orc wizard

Levels and vault maps discovered:
D:1:      sevenhm_arrival_forest_fort_small_3, layout_rooms, minmay_lizard_king
D:2:      layout_basic
D:3:      layout_rooms, grunt_temple_overflow_magic_moments,
          nicolae_overflow_hidden_temple, grunt_dithmenos_smoke_and_mirrors,
          uniq_crazy_yiuf_cottage, uniq_natasha
D:4:      layout_rooms, first_ration, corner_web_ring,
          minmay_a_box_with_orc_wizards_in_it

Skill      XL: |  1  2  3  4  5 |
---------------+----------------+-----
Dodging        | 2 3 |  3.2
Fighting       | 2 3 |  3.3
Transmutations | 3 |  3.5
Spellcasting   | 3 |  3.2
Unarmed Combat | |  3.6

Action                   |  1- 3 |  4- 6 || total
-------------------------+-------+-------++-------
Melee: Unarmed           |   183 |    19 ||   202
       Tailslap          |    13 |    15 ||    28
       Spear             |       |   211 ||   211
       Punch             |       |     2 ||     2
 Cast: Sticks to Snakes  |     4 |       ||     4
  Use: Scroll            |       |     2 ||     2
       Potion            |       |     1 ||     1
  Eat: Chunk             |     1 |     8 ||     9
Armor: Skin              |   100 |   106 ||   206
Dodge: Dodged            |   178 |   188 ||   366
